 Dungeon Crawl Stone Soup version 0.29-a0-344-ge2f44be95a (webtiles) character file.

Game seed: 7173446882168584975

196 spiderkeys the Skirmisher (level 5, -3/46 HPs)
             Began as a Ghoul Abyssal Knight on Apr 21, 2022.
             Was an Elder of Lugonu.
             Slain by a gnoll
             ... wielding a +0 flail
              (4 damage)
             ... on level 4 of the Dungeon.
             The game lasted 00:04:44 (3796 turns).

spiderkeys the Skirmisher (Ghoul Abyssal Knight)    Turns: 3796, Time: 00:04:44

Health: -3/46      AC:  6    Str: 16 (19) XL:     5   Next: 74%
Magic:  6/6        EV:  8    Int:  2 (5)  God:    Lugonu [****..]
Gold:   108        SH:  6    Dex:  6 (9)  Spells: 4/4 levels left

rFire   . . .      SeeInvis .   a - +1 hand axe
rCold   + . .      Faith    .   j - +0 kite shield
rNeg    + + +      Spirit   .   d - +0 ring mail
rPois   ∞          Reflect  .   (no helmet)
rElec   .          Harm     .   (no cloak)
rCorr   +          Rampage  .   l - +0 pair of gloves
Will    .....                   (no boots)
Stlth   ..........              (no amulet)
HPRegen 0.00/turn               R - ring of resist corrosion
MPRegen 0.10/turn               (no ring)

@: inhibited regen
A: claws 1, cold resistance 1, negative energy resistance 3, inhibited
regeneration, torment resistance 2, devour on kill
a: Renounce Religion, Depart the Abyss, Bend Space, Banish, Corrupt


You were on level 4 of the Dungeon.
You worshipped Lugonu.
Lugonu was greatly pleased with you.
You visited 1 branch of the dungeon, and saw 4 of its levels.
You visited the Abyss 1 time.

You collected 108 gold pieces.


Innate Abilities, Weirdness & Mutations

You are immune to poison.
You have sharp fingernails.
Your flesh is cold resistant. (rC+)
You are immune to negative energy. (rN+++)
You do not regenerate when monsters are visible.
You are immune to unholy pain and torment.
You thrive by killing the living.


   Skills:
 + Level 4.3 Fighting
 + Level 2.8 Axes
 + Level 2.8 Armour
 - Level 1.0 Dodging
 + Level 1.5 Shields
 + Level 3.2 Invocations


You had 4 spell levels left.
You didn't know any spells.
Your spell library contained the following spells:

 Spells                   Type           Power      Damage    Failure   Level
 Fulminant Prism          Conj/Hex       0%         3d6       100%        4
 Iskenderun's Mystic Bla  Conj/Tloc      0%         2d3       100%        4
 Summon Lightning Spire   Summ/Air       0%         N/A       100%        4
 Lee's Rapid Deconstruct  Erth           0%         3d5*      100%        5
 Maxwell's Capacitive Co  Air            0%         ∞         100%        8
 Storm Form               Tmut/Air       Unusable   N/A       N/A         7

Inventory:

Hand Weapons
 a - a +1 hand axe (weapon)
Missiles
 e - 134 stones
 x - 6 boomerangs
Armour
 b - a +0 leather armour
 d - a +0 ring mail (worn)
   (You found it on level 1 of the Dungeon)
 h - a +0 robe
   (You found it on level 1 of the Dungeon)
 j - a +0 kite shield (worn)
   (You found it on level 1 of the Dungeon)
 l - a +0 pair of gloves (worn)
   (You found it on level 2 of the Dungeon)
 m - a +0 robe
   (You found it on level 2 of the Dungeon)
 o - a +0 robe
   (You found it on level 2 of the Dungeon)
 p - a +0 robe
   (You found it on level 2 of the Dungeon)
 q - a +0 chain mail
   (You found it on level 2 of the Dungeon)
 s - a +0 leather armour
   (You found it on level 2 of the Dungeon)
 u - a +0 leather armour
   (You found it on level 2 of the Dungeon)
 z - a +0 leather armour
   (You took it off a hobgoblin on level 3 of the Dungeon)
 C - a +0 robe
   (You found it on level 4 of the Dungeon)
Jewellery
 R - a ring of resist corrosion (left hand)
   (You found it on level 1 of the Dungeon)
Scrolls
 c - a scroll of identify {@r1}
 g - 2 scrolls of fog
 k - 2 scrolls of vulnerability {!r!r}
 n - a scroll of teleportation {@r4}
 r - a scroll of summoning
 v - a scroll of magic mapping {!r}
 y - a scroll of enchant weapon
 D - a scroll of immolation {unknown}
Potions
 f - a potion of curing {unknown}
 i - a potion of haste {unknown}
 t - a potion of heal wounds {unknown}
 B - a potion of mutation {unknown}

Dungeon Overview and Level Annotations

Branches:
Dungeon (4/15)
 Temple: D:4-7

Altars:
Okawaru
Ru
Yredelemnul
The Shining One

Shops:
D:4 *

Annotations:
D:3 2 transporters, Antichthon's ghost, amateur NaWr

#.##.≈...≈... ###.......... .
#.....g..... .... #.....g...#.
........## ##### #.#.#o..§.#.
.........###...#####.#.gg......
#..............##....###.......
..............gSg.....)...##.#.
..........##†#@##..#####...#.#.
...).....#...>g....# #...#.#
.........#.........# #...#
...................... ....#
#..................... .#...
##.................... . ....
#..................... .....
##.###....(.......##.#
<.................##


You could see 3 gnolls and an adder.


Message History

You block the orc's attack. The orc hits you but does no damage.
The orc hits you but does no damage.
Found an iron altar of Okawaru.
The orc attacks as you move away! The orc barely misses you.
Okay, then.
You aren't carrying any items that you can evoke.
As you read the scroll of teleportation {@r4}, it crumbles to dust.
You feel strangely unstable. The orc barely misses you.
You barely miss the orc. The orc misses you.
The orc hits you with a +0 whip. 😕 HP[-1]
You take 1 damage, and now have 42/46 hp.
You closely miss the gnoll. You hit the orc. The orc barely misses you.
You block the gnoll's attack.
You hit the orc but do no damage. You closely miss the gnoll.
You hit the gnoll.
Your surroundings seem slightly different.
An adder comes into view.
The adder hisses angrily.
You block the gnoll's attack.
There is an entrance to Xoytrul's Elemental Accessories here.
The gnoll attacks as you move away!
The gnoll hits you with a +0 flail! 😕 HP[-7]
You take 7 damage, and now have 35/46 hp.
The gnoll attacks as you move away! You block the gnoll's attack.
The gnoll attacks as you move away!
The gnoll hits you with a +0 flail. 😮 HP[-3]
You take 3 damage, and now have 32/46 hp.
The gnoll attacks as you move away!
The gnoll hits you with a +0 flail. 😮 HP[-4]
You take 4 damage, and now have 28/46 hp.
You hit the gnoll. The gnoll hits you with a +0 flail.
You block the gnoll's attack. 😮 HP[-1]
You take 1 damage, and now have 27/46 hp.
You hit the gnoll. You block the gnoll's attack.
You hit the gnoll. The gnoll hits you with a +0 flail.
* * * LOW HITPOINT WARNING * * *
😨 HP[-6]
You take 6 damage, and now have 21/46 hp.
You hit the gnoll but do no damage. You block the gnoll's attack.
The gnoll hits you but does no damage.
You slash the gnoll!
You kill the gnoll!
Lugonu accepts your kill. The orc attacks as you move away!
You block the orc's attack. The orc attacks as you move away!
The orc hits you with a +0 whip.
* * * LOW HITPOINT WARNING * * *
😨 HP[-1]
You take 1 damage, and now have 20/46 hp.
The orc attacks as you move away! The orc barely misses you.
You hit the orc. You block the orc's attack. The orc hits you with a +0 whip.
* * * LOW HITPOINT WARNING * * *
😨 HP[-1]
You take 1 damage, and now have 19/46 hp.
You hit the orc. You block the orc's attack.
You hit the orc.
You kill the orc!
Lugonu accepts your kill.
You feel better. You block the adder's attack. 😨 HP[+3]
You regained 3 hp, and now have 22/46 hp.
You closely miss the adder. You block the adder's attack. x2
You hit the adder. You hit the gnoll but do no damage.
The adder bites you but does no damage. The gnoll barely misses you.
The adder bites you.
* * * LOW HITPOINT WARNING * * *
😨 HP[-2]
You take 2 damage, and now have 20/46 hp.
You slash the gnoll! You barely miss the adder. The adder bites you.
* * * LOW HITPOINT WARNING * * *
😨 HP[-3]
You take 3 damage, and now have 17/46 hp.
The gnoll hits you with a +0 flail.
* * * LOW HITPOINT WARNING * * *
The gnoll barely misses you.
The adder bites you but does no damage. 😱 HP[-6]
You take 6 damage, and now have 11/46 hp.
You hit the gnoll. You miss the adder. You barely miss the gnoll.
You block the gnoll's attack. The gnoll hits you but does no damage.
The adder bites you but does no damage. The gnoll hits you with a +0 flail!
* * * LOW HITPOINT WARNING * * *
The gnoll hits you but does no damage. 😱 HP[-10]
You take 10 damage, and now have 1/46 hp.
MASSIVE DAMAGE!! (PAUSE)
You don't have enough health at the moment.
Unknown command.
Unknown command.
Okay, then.
It was a potion of degeneration.
There was something very wrong with that liquid.
You feel weakened.
You feel dopey.
You feel clumsy. The adder bites you but does no damage.
The adder barely misses you. The gnoll hits you but does no damage.
You block the gnoll's attack.
It was a potion of berserk rage.
You feel slightly irritated. You block the adder's attack.
The gnoll closely misses you. The gnoll hits you with a +0 flail.
You die...

Skill      XL: |  1  2  3  4 |
---------------+-------------+-----
Dodging        | 1 |  1.0
Axes           | 2 |  2.8
Armour         | 2 |  2.8
Shields        | 1 |  1.5
Fighting       | 4 |  4.3
Invocations    | 3 |  3.2

Action                   |  1- 3 |  4- 6 || total
-------------------------+-------+-------++-------
Melee: Hand axe          |   126 |   165 ||   291
  Use: Scroll            |       |     8 ||     8
       Potion            |       |     2 ||     2
Armor: Leather armour    |    33 |       ||    33
       Ring mail         |       |    67 ||    67
Dodge: Dodged            |    67 |    49 ||   116
Block: Kite shield       |    14 |    64 ||    78

Levels and vault maps discovered:
D:1:      denvon_arrival_planthouse, layout_loops_corners, serial_forest,
          infiniplex_forest_lined_2, infiniplex_forest_lined_3_way,
          infiniplex_forest_lined_corner, infiniplex_forest_clump_curved,
          infiniplex_forest_clump_small, infiniplex_forest_lined_3_way,
          infiniplex_forest_clump_C, minmay_tetromino_o2
D:2:      layout_rooms, shapermc_ecumenical_altar_notcrosses, basic_altar
D:3:      layout_basic, lemuel_round_altar, tso_oasis_becter,
          gammafunk_ghost_stat_death
D:4:      layout_rooms, mainiacjoe_overflow_boulevard,
          overflow_temple_1_default, minmay_temple_entry_mini_moons,
          gup_sewer_entry_bubbles, serial_park_tiny_pond, minmay_hedge_maze,
          corner_web_ring, chequers_garden, nicolae_elemental_shop,
          feat_on_display

Notes
Turn   | Place    | Note
-------+----------+-------------------------------------------
     0 | Abyss:1  | spiderkeys the Ghoul Abyssal Knight began the quest for the
                  | Orb.
     0 | Abyss:1  | Reached XP level 1. HP: 19/19 MP: 1/1
     0 | Abyss:1  | magus.rc [v1.11.3]
     9 | Abyss:1  | Found a corrupted altar of Lugonu.
    45 | D:1      | You pass through the gate.
    45 | D:1      | Escaped the Abyss
   244 | D:1      | Reached skill level 1 in Dodging
   249 | D:1      | You pick up a book of the Sky and begin reading...
   249 | D:1      | You add the spells Summon Lightning Spire and Maxwell's
                  | Capacitive Coupling to your library.
   338 | D:1      | Reached XP level 2. HP: 26/26 MP: 2/2
   357 | D:1      | Reached skill level 2 in Axes
   411 | D:1      | Reached skill level 2 in Armour
   735 | D:1      | Reached XP level 3. HP: 29/31 MP: 3/3
  1154 | D:1      | Reached *** piety under Lugonu
  1416 | D:2      | Found a faded altar of an unknown god.
  1529 | D:2      | You pick up a book of Blasting and begin reading...
  1529 | D:2      | You add the spells Fulminant Prism, Iskenderun's Mystic
                  | Blast and Lee's Rapid Deconstruction to your library.
  1575 | D:2      | HP: 3/33 [worm (9)]
  1882 | D:2      | Reached XP level 4. HP: 29/40 MP: 4/4
  2127 | D:2      | Found a sacrificial altar of Ru.
  2950 | D:3      | Reached skill level 1 in Shields
  3124 | D:2      | Reached skill level 4 in Fighting
  3157 | D:3      | Reached skill level 3 in Invocations
  3157 | D:3      | Reached XP level 5. HP: 31/46 MP: 6/6
  3277 | D:3      | Found a transporter.
  3280 | D:3      | Noticed Antichthon's ghost (amateur NaWr)
  3302 | D:3      | Found a transporter.
  3339 | D:3      | Found a basalt altar of Yredelemnul.
  3341 | D:3      | Reached **** piety under Lugonu
  3749 | D:4      | Found Xoytrul's Elemental Accessories.
  3757 | D:4      | Found an iron altar of Okawaru.
  3793 | D:4      | HP: 11/46 [gnoll/+0 flail (6)]
  3794 | D:4      | HP: 1/46 [gnoll/+0 flail (10)]
  3796 | D:4      | Slain by a gnoll

Vanquished Creatures
  A jelly (D:4)
  An iguana (D:4)
  4 gnolls
  An adder (D:2)
  5 worms
  4 dart slugs
  4 orcs
  6 ball pythons
  4 endoplasms
  2 giant cockroaches
  5 goblins
  12 hobgoblins
  A quokka (D:1)
  4 bats
  3 frilled lizards
  5 kobolds
  8 rats
70 creatures vanquished.

Vanquished Creatures (others)
  4 plants
4 creatures vanquished.

Grand Total: 74 creatures vanquished

Table legend:
 A = Non-vault XP
 B = Vault XP
 C = Vault XP percentage of total XP
 D = Non-vault monster count
 E = Vault monster count
 F = Vault count percentage of total count
                 A         B        C        D         E       F
            +---------+---------+-------+---------+---------+-------
      Total |     277 |       3 |   1.1 |      68 |       2 |   2.9
            +---------+---------+-------+---------+---------+-------
        D:1 |      46 |       3 |   6.1 |      24 |       2 |   7.7
        D:2 |      53 |       0 |   0.0 |      15 |       0 |   0.0
        D:3 |      73 |       0 |   0.0 |      21 |       0 |   0.0
        D:4 |     105 |       0 |   0.0 |       8 |       0 |   0.0
            +---------+---------+-------+---------+---------+-------

Illustrated notes

Table legend:
 A = Kills in this place as a percentage of kills in entire the game.
 B = Kills by you in this place as a percentage of kills by you in the entire game.
 C = Kills by friends in this place as a percentage of kills by friends in the entire game.
 D = Other kills in this place as a percentage of other kills in the entire game.
 E = Experience gained in this place as a percentage of experience gained in the entire game.
 F = Experience gained in this place divided by the number of levels of this place that you have seen.
                   A       B       C       D       E      F
               +-------+-------+-------+-------+-------+----------------------
         Total | 100.0 | 100.0 |   N/A |   N/A | 100.0 |  56.0
       Dungeon | 100.0 | 100.0 |   N/A |   N/A | 100.0 |  70.0
               +-------+-------+-------+-------+-------+----------------------

Table legend: (Time is in decaauts)
 A = Elapsed time spent in this place.
 B = Non-inter-level travel time spent in this place.
 C = Inter-level travel time spent in this place.
 D = Time resting spent in this place.
 E = Time spent auto-exploring this place.
 F = Levels seen in this place.
 G = Mean time per level.
                   A        B        C        D        E       F      G
               +--------+--------+--------+--------+--------+-----+--------+
         Total |   3897 |   3853 |     44 |    649 |   2344 |   5 |  779.4 |
       Dungeon |   3852 |   3808 |     44 |    649 |   2305 |   4 |  963.0 |
         Abyss |     45 |     45 |      0 |      0 |     39 |   1 |   45.0 |
               +--------+--------+--------+--------+--------+-----+--------+

Top non-repeatable levels by time:
     D:1: 1517 daAuts
     D:2: 1124 daAuts
     D:3: 909 daAuts
     D:4: 300 daAuts
 Abyss:1: 45 daAuts
